 Dungeon Crawl Stone Soup version 0.21.1-1-g345015f (webtiles) character file.

1113 microfolk the Cudgeler (level 8, -11/51 HPs)
             Began as a Gargoyle Fighter on Apr 24, 2018.
             Mangled by Menkaure (20 damage)
             ... on level 5 of the Dungeon.
             The game lasted 00:10:40 (4693 turns).

microfolk the Cudgeler (Gargoyle Fighter)           Turns: 4693, Time: 00:10:40

Health: -11/51     AC: 11    Str: 21    XL:     8   Next: 33%
Magic:  8/8        EV:  7    Int: 20    God:
Gold:   169        SH:  9    Dex:  9    Spells: 7/7 levels left

rFire    + + .     SeeInvis .   x - +6 flail of Rarix {drain, rF++ MR-}
rCold    + . .     Gourm    .   c - +0 shield
rNeg     + + .     Faith    .   b - +0 scale mail
rPois    ∞         Spirit   .   u - +0 helmet of Day {*Corrode rC+ rN+ Int+10}
rElec    +         Reflect  .   (no cloak)
rCorr    .         Harm     .   s - +0 pair of gloves
MR       .....                  (no boots)
Stlth    ..........             (no amulet)
HPRegen  0.17/turn              (no ring)
MPRegen  0.11/turn              (no ring)

@: corroded
A: negative energy resistance 1, electricity resistance, unbreathing,
petrification resistance, rot immunity, AC +5
a: no special abilities


You were on level 5 of the Dungeon.
You were not hungry.

You visited 1 branch of the dungeon, and saw 5 of its levels.

You collected 169 gold pieces.

Inventory:

Hand Weapons
 a - a +0 flail
 r - a +2 whip of electrocution
 x - the +6 flail of Rarix (weapon) {drain, rF++ MR-}
   (You found it on level 5 of the Dungeon)

   A truly terrible weapon, it drains the life of those it strikes.
   It greatly protects you from fire.
   It affects your resistance to hostile enchantments.
 y - a +0 hunting sling
 C - a +0 dire flail
Missiles
 g - 99 stones (quivered)
 m - 2 throwing nets
Armour
 b - a +0 scale mail (worn)
 c - a +0 shield (worn)
 s - a +0 pair of gloves (worn)
 u - the +0 helmet of Day (worn) {*Corrode rC+ rN+ Int+10}
   (You took it off Robin on level 3 of the Dungeon)

   It affects your intelligence (+10).
   It protects you from cold.
   It protects you from negative energy.
   It may corrode you when you take damage.
 B - a +0 helmet
 E - the cursed +0 scale mail of Ucicocs {rCorr, unknown}
   (You found it on level 5 of the Dungeon)

   It protects you from acid and corrosion.
   It has a curse placed upon it.
Jewellery
 j - an uncursed amulet of guardian spirit {unknown}
 k - an uncursed ring of positive energy {unknown}
Wands
 t - a wand of random effects (50)
Scrolls
 h - 2 scrolls of teleportation
 i - a scroll of remove curse {unknown}
 l - a scroll of fear {unknown}
 n - 2 scrolls of amnesia
 p - a scroll of noise {unknown}
 q - a scroll of immolation
 v - a scroll of identify
 w - a scroll of blinking {unknown}
 z - a scroll of magic mapping {unknown}
Potions
 d - 4 potions of might
 e - 5 potions of curing
 o - a potion of mutation
 D - a potion of lignification
Books
 A - a book of Necromancy

   Spells                             Type                      Level
   a - Pain                           Necromancy                   1
   b - Animate Skeleton               Necromancy                   1
   c - Vampiric Draining              Necromancy                   3
   d - Regeneration                   Charms/Necromancy            3
   e - Animate Dead                   Necromancy                   4
   f - Borgnjor's Vile Clutch         Necromancy/Earth             5
Comestibles
 f - 8 rations


   Skills:
 + Level 6.1 Fighting
 * Level 7.0 Maces & Flails
 + Level 6.1 Armour
 - Level 3.2 Shields


You had 7 spell levels left.
You didn't know any spells.

Dungeon Overview and Level Annotations

Branches:
Dungeon (5/15)
 Temple: D:4-7

Altars:
Makhleb

Annotations:
D:4 exclusion: 2 downstairs
D:5 Menkaure


Innate Abilities, Weirdness & Mutations

You are resistant to torment.
Your stone body is resilient. (AC +5)
You are immune to poison.
You resist negative energy. (rN+)
You are resistant to electric shocks. (rElec)
You can survive without breathing.
You are immune to petrification.
You are immune to rotting.


Message History

Found 26 sling bullets.
You see here 26 sling bullets.
You see here 11 gold pieces.
Menkaure mumbles some strange words.
Menkaure seems to speed up.
Menkaure is too close now for your liking.
Press: ? - help, v - describe, . - travel
Here: Menkaure (fast)
The floor.
Menkaure hums a few words.
Menkaure hits you but does no damage. You block Menkaure's attack.
You barely miss Menkaure. Menkaure hits you!
Your corrosive artefact corrodes you!
You barely miss Menkaure. Menkaure hits you!
You sock Menkaure!
Menkaure is moderately damaged.
Menkaure hits you!
* * * LOW HITPOINT WARNING * * *
Menkaure hits you!!
You die...

#########...............<.[.$....
...............$....###..###.####
#########.##.##.....###..# #.# #
# #................# #.# # #
#.##.##...#.#$#..###.# #
#.....................# #
##.#######.#.###...##.#### #
#.#######M#.# #...#...... #
#.......@.#.# #...#......
#############.#####.###...#.#####
#................................
#.###########.#####.###.?.#.#####
......... #.....#.###...#.#
#.####### #.###.........#.#####
#.# #.# #.#####...#...... #.#####
#<# #.# #...####### ......#
#####.#####...#######


You could see Menkaure.

Vanquished Creatures
  An orc warrior (D:4)
  A sky beast (D:5)
  2 ogres
  A crocodile (D:5)
  Blork the orc (D:5)
  A crimson imp (D:5)
  2 orc priests (D:4)
  2 orc wizards (D:4)
  4 hounds
  A bullfrog skeleton (D:4)
  An iguana (D:4)
  Natasha (thrice) (D:3)
  Robin (D:3)
  4 gnolls (D:2)
  4 adders
  A shadow imp (D:5)
  An ooze (D:3)
  An adder skeleton (D:4)
  2 worms
  4 dart slugs
  3 leopard geckos
  16 orcs
  4 giant cockroaches
  15 goblins
  11 hobgoblins
  3 jackals (D:4)
  2 ball pythons
  3 bats (D:3)
  7 frilled lizards
  5 kobolds
  A leopard gecko zombie (D:5)
  3 rats
111 creatures vanquished.

Notes
Turn   | Place    | Note
-------+----------+-------------------------------------------
     0 | D:1      | microfolk the Gargoyle Fighter began the quest for the Orb.
     0 | D:1      | Reached XP level 1. HP: 14/14 MP: 1/1
   137 | D:1      | Reached XP level 2. HP: 19/19 MP: 2/2
   649 | D:2      | Reached XP level 3. HP: 23/23 MP: 3/3
   834 | D:2      | Reached skill level 3 in Maces & Flails
   844 | D:2      | Reached XP level 4. HP: 23/29 MP: 4/4
  1399 | D:3      | Reached XP level 5. HP: 33/33 MP: 5/5
  1402 | D:3      | Noticed Natasha
  1408 | D:3      | Killed Natasha
  1431 | D:3      | Reached skill level 4 in Maces & Flails
  1450 | D:3      | Noticed Robin
  1450 | D:3      | Noticed Natasha
  1521 | D:3      | Killed Natasha
  1532 | D:3      | Killed Robin
  1535 | D:3      | Got a jewelled helmet
  1547 | D:3      | Reached XP level 6. HP: 15/39 MP: 6/6
  1735 | D:3      | Identified the +0 helmet of Day {*Corrode rC+ rN+ Int+10} (You took it off Robin on level 3 of the Dungeon)
  1947 | D:3      | Noticed Natasha
  1959 | D:3      | Killed Natasha
  2200 | D:3      | Found a burning altar of Makhleb.
  2483 | D:4      | Noticed an orc warrior
  2487 | D:4      | Killed an orc warrior
  2487 | D:4      | Reached skill level 5 in Fighting
  2487 | D:4      | Reached skill level 5 in Maces & Flails
  2487 | D:4      | Reached skill level 5 in Armour
  2490 | D:4      | Reached XP level 7. HP: 38/44 MP: 7/7
  3014 | D:4      | Reached skill level 6 in Maces & Flails
  3711 | D:5      | Entered Level 5 of the Dungeon
  3721 | D:5      | Reached XP level 8. HP: 41/51 MP: 8/8
  3784 | D:5      | Noticed Blork the orc
  3986 | D:5      | Noticed Menkaure
  4052 | D:5      | Got a warped flail
  4053 | D:5      | Identified the +6 flail of Rarix {drain, rF++ MR-} (You found it on level 5 of the Dungeon)
  4135 | D:5      | Killed Blork the orc
  4402 | D:5      | Got a dazzling scale mail
  4585 | D:5      | Reached skill level 7 in Maces & Flails
  4693 | D:5      | Mangled by Menkaure

Skill      XL: |  1  2  3  4  5  6  7  8 |
---------------+-------------------------+-----
Maces & Flails | 3 4 5 6 7 |  7.0
Fighting       | 4 5 6 |  6.1
Armour         | 4 5 6 |  6.1
Shields        | |  3.2

Action                   |  1- 3 |  4- 6 |  7- 9 || total
-------------------------+-------+-------+-------++-------
Melee: Flail             |    74 |     2 |    34 ||   110
       Whip              |       |   157 |   141 ||   298
  Use: Scroll            |     4 |     3 |     2 ||     9
       Potion            |       |     2 |       ||     2
  Eat: Chunk             |       |     5 |     5 ||    10
       Ration            |       |       |     1 ||     1
Armor: Scale mail        |    30 |    71 |    56 ||   157
Dodge: Dodged            |    26 |    33 |    26 ||    85
Block: Shield            |    38 |    51 |    49 ||   138
